 Dungeon Crawl Stone Soup version bcrawl-1.13 (webtiles) character file.

Game seed: 5808288226047132688

144 Ebbett the Covered (level 5, -2/49 HPs)
             Began as a Deep Dwarf Fighter on July 25, 2019.
             Was an Initiate of Ru.
             Killed by divine providence
             ... invoked by an orc priest
              (11 damage)
             ... on level 3 of the Dungeon.
             The game lasted 00:05:21 (2159 turns).

Ebbett the Covered (Deep Dwarf Fighter)             Turns: 2159, Time: 00:05:22

Health: -2/49      AC: 14    Str: 20    XL:     5   Next: 5%
Magic:  5/5        EV:  7    Int:  9    God:    Ru [......]
Gold:   126        SH:  9    Dex: 12    Spells: 4/4 levels left

rFire    . . .     SeeInvis .   e - +0 mace (protect)
rCold    . . .     Gourm    .   c - +0 shield
rNeg     . . .     Faith    .   b - +0 scale mail
rPois    .         Spirit   .   (no helmet)
rElec    .         Reflect  .   (no cloak)
rCorr    .         Harm     .   (no gloves)
MR       .....                  (no boots)
Stlth    ..........             (no amulet)
HPRegen  0.00/turn              (no ring)
MPRegen  0.09/turn              (no ring)

@: protection aura, non-regenerating
A: damage resistance, sense surroundings 1, no regeneration
a: Renounce Religion


You were on level 3 of the Dungeon.
You worshipped Ru.
Ru was noncommittal.
You were not hungry.

You visited 1 branch of the dungeon, and saw 3 of its levels.

You collected 126 gold pieces.

Inventory:

Hand Weapons
 a - a +0 war axe
 e - a +0 mace of protection (weapon)
 o - a +1 falchion of slicing
Missiles
 k - 100 javelins (quivered)
Armour
 b - a +0 scale mail (worn)
 c - a +0 shield (worn)
Scrolls
 h - 2 scrolls of blinking {unknown}
 j - a scroll of fog {unknown}
 l - a scroll of remove curse {unknown}
 n - 2 scrolls of magic mapping {unknown}
Potions
 d - a potion of might
 g - 2 potions of curing {unknown}
 i - a potion of heal wounds {unknown}
 m - a potion of flight {unknown}
Comestibles
 f - 4 rations {!d}
 p - a chunk of flesh


   Skills:
 + Level 3.5 Fighting
 + Level 2.8(3.3) Axes
 + Level 2.2(2.8) Maces & Flails
 + Level 4.2 Armour
 + Level 0.7 Dodging
 + Level 0.7 Stealth
 + Level 3.9 Shields


You had 4 spell levels left.
You didn't know any spells.
Your spell library contained the following spells:

 Spells                   Type           Power        Failure   Level  Hunger
 Corona                   Hex            #......      99%         1    ##.....
 Ensorcelled Hibernation  Hex/Ice        #.....       100%        2    ###....
 Confuse                  Hex            #.......     100%        3    ####...
 Dazzling Spray           Conj/Hex       #.....       100%        3    ####...
 Tukima's Dance           Hex            #.......     100%        3    ####...


Dungeon Overview and Level Annotations

Branches:
Dungeon (3/12)

Altars:
Fedhas
Ru


Innate Abilities, Weirdness & Mutations

You are resistant to damage.
You passively map a small area around you.
You do not regenerate.


Message History

The orc wizard mumbles some strange words.
The orc wizard flickers and vanishes!
Deactivating autopickup; reactivate with Ctrl-A.
You hit the orc.
The orc is moderately wounded.
The orc barely misses you.
You hit the orc.
The orc is severely wounded.
The orc closely misses you. You block the orc's attack.
You hit the orc.
You kill the orc!
Your shield and scale mail prevent you from hitting the orc priest.
The orc priest hits you with a +2 dagger of speed.
* * * LOW HITPOINT WARNING * * *
The orc priest hits you with a +2 dagger of speed.
* * * LOW HITPOINT WARNING * * *
You closely miss the orc priest.
The orc priest invokes the aid of Beogh against you.
Beogh smites you!
You die...

##### ## #..... , .#
*#...... .# *....... .#
....... , .### ....... ,
...#################......o
................@oKK.......
.##.###....).#######.......,
.##..........#### ....... ,
,. #####.#.........###
.#..... .
#.#....>.##...##.###### * #
#รท####.#.####..#.# # #.#
#.#.........# # #.#
#.....##....# # #.#
##.##.......#### #


You could see an orc priest and 2 kobolds.

Vanquished Creatures
  A crimson imp (D:2)
  3 adders (D:3)
  4 dart slugs
  2 worms
  3 leopard geckos (D:3)
  2 orcs (D:3)
  4 giant cockroaches
  4 goblins
  9 hobgoblins
  7 jackals (D:1)
  10 kobolds
  3 quokkas
  3 ball pythons
  4 bats
  3 rats (D:1)
62 creatures vanquished.

Notes
Turn   | Place    | Note
-------+----------+-------------------------------------------
     0 | D:1      | Ebbett the Deep Dwarf Fighter began the quest for the Orb.
     0 | D:1      | Reached XP level 1. HP: 21/21 MP: 1/1
    88 | D:1      | Reached XP level 2. HP: 20/28 MP: 2/2
   608 | D:1      | Reached ** piety under Elyvilon
  1036 | D:2      | Reached XP level 3. HP: 25/34 MP: 3/3
  1132 | D:2      | Found a faded altar of an unknown god.
  1136 | D:2      | Reached skill level 1 in Maces & Flails
  1212 | D:2      | Reached XP level 4. HP: 29/42 MP: 4/4
  1466 | D:2      | Found a blossoming altar of Fedhas.
  1468 | D:2      | Found a sacrificial altar of Ru.
  1470 | D:2      | Reached *** piety under Elyvilon
  1482 | D:2      | Fell from the grace of Elyvilon
  1482 | D:2      | Became a worshipper of Ru the Awakened
  1781 | D:3      | Reached skill level 4 in Armour
  2033 | D:3      | Reached XP level 5. HP: 25/49 MP: 5/5
  2159 | D:3      | Killed from afar by an orc priest

Skill      XL: |  1  2  3  4 |
---------------+-------------+-----
Maces & Flails | 1 2 |  2.2
Armour         | 4 |  4.2
Fighting       | |  3.5
Axes           | |  2.8
Dodging        | |  0.7
Stealth        | |  0.7
Shields        | |  3.9

Action                   |  1- 3 |  4- 6 || total
-------------------------+-------+-------++-------
Melee: War axe           |    44 |       ||    44
       Mace              |    70 |   119 ||   189
Invok: Lesser Healing    |     1 |       ||     1
  Eat: Chunk             |     1 |     4 ||     5
Armor: Scale mail        |    68 |    56 ||   124
Dodge: Dodged            |    35 |    37 ||    72
Block: Shield            |    58 |    67 ||   125
